 Seeded DCSS version 0.29.1-13-g9f3cf754e1 (webtiles) character file.

Game seed: 16245865983455551772 (custom seed)

4 OTABOTABOTAB the Caller (level 1, 0/11 HPs)
             Began as an Octopode Summoner on Jan 27, 2023.
             Slain by a quokka (1 damage)
             ... on level 1 of the Dungeon.
             The game lasted 00:00:25 (80 turns).

OTABOTABOTAB the Caller (Octopode Summoner)           Turns: 80, Time: 00:00:26

Health: 0/11       AC:  1    Str:  7    XL:     1   Next: 60%
Magic:  1/3        EV: 13    Int: 17    God:
Gold:   0          SH:  0    Dex: 12    Spells: 3/4 levels left

rFire   . . .      SeeInvis .   b - +0 dagger
rCold   . . .      Faith    .   (no shield)
rNeg    . . .      Spirit   .   (helmet restricted)
rPois   .          Reflect  .   (no amulet)
rElec   .          Harm     .   (no ring)
rCorr   .          Rampage  .   (no ring)
Will    .....                   (no ring)
Stlth   +++.......              (no ring)
HPRegen 0.03/turn               (no ring)
MPRegen 0.08/turn               (no ring)
                                (no ring)
                                (no ring)

@: no status effects
A: almost no armour, amphibious, 8 rings, camouflage 1, gelatinous body 1,
(nimble swimmer 1), tentacles
a: no special abilities


You were on level 1 of the Dungeon.
You visited 1 branch of the dungeon, and saw 1 of its levels.

Inventory:

Hand Weapons
 a - a +0 sling
   (You found it on level 1 of the Dungeon)
 b - a +0 dagger (weapon)
   (You found it on level 1 of the Dungeon)
Scrolls
 c - 3 scrolls of acquirement {unknown}
Potions
 M - a potion of magic


   Skills:
 - Level 2.0 Dodging
 - Level 2.6 Stealth
 + Level 2.1 Spellcasting
 + Level 4.1 Summonings


You had 3 spell levels left.
You knew the following spells:

 Your Spells              Type           Power      Damage    Failure   Level
a - Summon Small Mammal   Summ           60%        N/A       3%          1

Your spell library contained the following spells:

 Spells                   Type           Power      Damage    Failure   Level
 Call Imp                 Summ           15%        N/A       5%          2
 Call Canine Familiar     Summ           15%        N/A       11%         3
 Summon Guardian Golem    Hex/Summ       8%         N/A       24%         3
 Summon Lightning Spire   Summ/Air       8%         N/A       63%         4


Dungeon Overview and Level Annotations

Branches:
Dungeon (1/15)

Altars:


Innate Abilities, Weirdness & Mutations

You cannot wear most types of armour.
You are amphibious.
You can wear up to eight rings at the same time.
Your skin changes colour to match your surroundings (Stealth+).
Your rubbery body absorbs attacks. (AC +1, EV +1)
((You are camouflaged when in or above water. (Stealth+)))
You have tentacles for arms and can constrict up to eight enemies at once.


Message History

Bad channel name for runrest: 'Jiyva says: Divide and consume' Welcome, OTABOTABOTAB the Octopode Summoner.
Game seed: 16245865983455551772 (custom seed)
Found a sling.
Found a staircase leading out of the dungeon.
a - a +0 sling
Found an escape hatch in the floor.
Found an escape hatch in the floor.
b - a +0 dagger A goblin comes into view.
It is wielding a +0 dagger.
a - a +0 sling (weapon)
You shoot a sling bullet. The sling bullet hits the goblin.
You kill the goblin!
A quokka comes into view.
You now have 2/3 mp.
You shoot a sling bullet. The sling bullet hits the quokka.
You kill the quokka!
You swap places.
An endoplasm comes into view.
MP restored: 3 You shoot a sling bullet.
The sling bullet hits the endoplasm but does no damage.
You shoot a sling bullet.
The sling bullet barely misses the endoplasm.
Your quokka bites the endoplasm.
The endoplasm freezes your quokka.
Your quokka is frozen.
Your quokka bites the endoplasm.
The endoplasm dies!
You swap places.
Your quokka disappears in a puff of smoke!
c - 3 scrolls labelled WAC GOIFOFITOUPLEC A quokka comes into view.
You shoot a sling bullet. The sling bullet hits the quokka.
You now have 2/3 mp.
Something bites your rat but does no damage.
You now have 1/3 mp.
Something closely misses your rat.
An endoplasm comes into view.
The quokka closely misses your rat.
Your rat misses the quokka. The quokka closely misses your rat.
Your bat closely misses the quokka.
Your bat hits the quokka but does no damage.
The endoplasm hits your rat. The quokka barely misses your bat.
Your rat misses the quokka.
Your bat hits the quokka but does no damage.
The quokka bites your bat. The endoplasm closely misses your rat.
Your bat hits the quokka but does no damage.
Your rat bites the quokka.
Your bat hits the quokka but does no damage.
The endoplasm hits your rat.
Your rat closely misses the quokka.
Your bat hits the quokka but does no damage.
Your rat disappears in a puff of smoke!
Your bat misses the quokka. The quokka bites you. x2
You take 7 damage, and have 4/11 hp.
MASSIVE DAMAGE!!
You now have 0/3 mp.
Your bat hits the quokka but does no damage.
Your quokka bites the quokka.
b - a +0 dagger (weapon)
Your bat closely misses the quokka.
The quokka bites you.
* * * LOW HITPOINT WARNING * * *
Your quokka barely misses the quokka.
You take 3 damage, and have 1/11 hp.
MASSIVE DAMAGE!!
What are your orders? t - Shout!
Orders for allies: a - Attack new target. p - Attack previous target. r - Retreat! s - Stop attacking. g - Guard the area. f - Follow me.
Anything else - Cancel.
Gang up on whom?
Aim: a quokka (almost dead, ally target) Attack!
Your bat misses the quokka. The quokka bites you.
You die...

# .# #.#
######..####
#.@rJ.......
.......#rb#.....#
#.##...#..# ....#
#...###.## ..##
#... #..# .#...#
#..# ##.## #....
#..#)..#..# ....#
#.##...##.##
....#
#.....#..#.....#


You could see an endoplasm, a quokka (ally target), a friendly quokka (summoned)
and a friendly bat (summoned).

Vanquished Creatures
  A goblin (D:1)
  A quokka (D:1)
2 creatures vanquished.

Vanquished Creatures (collateral kills)
  An endoplasm (D:1)
1 creature vanquished.

Grand Total: 3 creatures vanquished

Notes
Turn   | Place    | Note
-------+----------+-------------------------------------------
     0 | D:1      | OTABOTABOTAB the Octopode Summoner began the quest for the
                  | Orb.
     0 | D:1      | Reached XP level 1. HP: 11/11 MP: 3/3
    79 | D:1      | HP: 1/11 [quokka (3)]
    80 | D:1      | Slain by a quokka

Illustrated notes

Levels and vault maps discovered:
D:1:      minmay_arrival_hallway, layout_loops_corners, basic_ecumenical_altar,
          minmay_unequal

Action                   || total
-------------------------++-------
 Fire: Sling             ||     5
 Cast: Summon Small Mamm ||     4

Table legend: (Time is in decaauts)
 A = Elapsed time spent in this place.
 B = Non-inter-level travel time spent in this place.
 C = Inter-level travel time spent in this place.
 D = Time resting spent in this place.
 E = Time spent auto-exploring this place.
 F = Levels seen in this place.
 G = Mean time per level.
                   A        B        C        D        E       F      G
               +--------+--------+--------+--------+--------+-----+--------+
         Total |     81 |     81 |      0 |      0 |     50 |   1 |   81.0 |
       Dungeon |     81 |     81 |      0 |      0 |     50 |   1 |   81.0 |
               +--------+--------+--------+--------+--------+-----+--------+

Top non-repeatable levels by time:
     D:1: 81 daAuts

Table legend:
 A = Kills in this place as a percentage of kills in entire the game.
 B = Kills by you in this place as a percentage of kills by you in the entire game.
 C = Kills by friends in this place as a percentage of kills by friends in the entire game.
 D = Other kills in this place as a percentage of other kills in the entire game.
 E = Experience gained in this place as a percentage of experience gained in the entire game.
 F = Experience gained in this place divided by the number of levels of this place that you have seen.
                   A       B       C       D       E      F
               +-------+-------+-------+-------+-------+----------------------
         Total | 100.0 | 100.0 | 100.0 |   N/A | 100.0 |   6.0
       Dungeon | 100.0 | 100.0 | 100.0 |   N/A | 100.0 |   6.0
               +-------+-------+-------+-------+-------+----------------------
